 Dungeon Crawl Stone Soup version 0.28.0-53-g5a82cb258f (webtiles) character file.

Game seed: 7447199732861188928

317 Infinimo the Cudgeller (level 6, -1/58 HPs)
             Began as a Gargoyle Berserker on June 16, 2022.
             Was a Believer of Trog.
             Slain by a wyvern (6 damage)
             ... on level 3 of the Dungeon.
             The game lasted 00:03:53 (4015 turns).

Infinimo the Cudgeller (Gargoyle Berserker)         Turns: 4015, Time: 00:03:53

Health: -1/58      AC: 12    Str: 23    XL:     6   Next: 44%
Magic:  6/6        EV: 10    Int:  7    God:    Trog [**....]
Gold:   127        SH:  0    Dex:  9    Spells: 5/5 levels left

rFire   . . .      SeeInvis .   a - +1 mace
rCold   . . .      Faith    .   (no shield)
rNeg    + . .      Spirit   .   m - +0 scale mail
rPois   ∞          Reflect  .   (no helmet)
rElec   +          Harm     .   (no cloak)
rCorr   .          Rampage  .   (no gloves)
Will    .....                   f - +0 pair of boots
Stlth   ..........              (no amulet)
HPRegen 0.19/turn               (no ring)
MPRegen 0.10/turn               (no ring)

@: berserking, very quick
A: sickness immunity, AC +4, negative energy resistance 1, electricity
resistance, torment resistance 1, petrification resistance
a: Renounce Religion, Berserk, Trog's Hand


You were on level 3 of the Dungeon.
You worshipped Trog.
Trog was pleased with you.
You visited 1 branch of the dungeon, and saw 4 of its levels.

You collected 127 gold pieces.

Inventory:

Hand Weapons
 a - a +1 mace (weapon)
Armour
 f - a +0 pair of boots (worn)
 m - a +0 scale mail (worn)
Scrolls
 c - a scroll of noise
 h - a scroll of amnesia
Potions
 b - a potion of might {unknown}
 e - 2 potions of curing
 i - a potion of haste


   Skills:
 + Level 4.7 Fighting
 * Level 5.3 Maces & Flails
 + Level 4.1 Armour
 - Level 1.5 Dodging


You had 5 spell levels left.
You didn't know any spells.
Your spell library was empty.

Dungeon Overview and Level Annotations

Branches:
Dungeon (4/15)
 Temple: D:4-7

Altars:
Okawaru
Yredelemnul

Shops:
D:2 (


Innate Abilities, Weirdness & Mutations

You are immune to sickness and miasma.
Your stone body is resilient. (AC +4)
You are immune to poison.
You resist negative energy. (rN+)
You are resistant to electric shocks. (rElec)
You are resistant to unholy torment.
You are immune to petrification.


Message History

Done exploring.
Search for what [Enter for "."]?
Unknown command.
(D) Dungeon
Where to? (Enter - D:3, ? - help)
There is a stone staircase leading down here.
You climb downwards.
The ball python hisses angrily.
The wyvern hisses angrily.
The adder hisses angrily.
Found a green potion.
There is a stone staircase leading up here.
There are monsters nearby!
There is a stone staircase leading up here.
The wyvern bites you!
An orc comes into view. It is wielding a +0 club.
The adder bites you but does no damage.
An orc comes into view. It is wielding a +0 club.
The orc shouts! x2
The wyvern bites you! The adder bites you but does no damage.
The wyvern bites you.
You climb upwards.
There is a stone staircase leading down here.
Okay, then.
A red film seems to cover your vision as you go berserk!
You feel yourself moving faster!
You feel mighty! The adder bites you but does no damage. The wyvern bites you!
* * * LOW HITPOINT WARNING * * *
You sock the adder!
You kill the adder!
Trog accepts your kill. The wyvern closely misses you.
You sock the wyvern!
The wyvern is moderately wounded.
The wyvern bites you!
* * * LOW HITPOINT WARNING * * *
You barely miss the wyvern.
The wyvern is moderately wounded.
The wyvern hisses menacingly.
The wyvern bites you.
You die...

######### ###.......#
.##.#####.# .##.# #.#
.##.#####.##########
.....##.........@l.###
..#..##.#.########.#.##########
..#..##.#.# ##............#
..#..##.#.# #......######.###
..#.......# ###.#...#######.#.#
..##.##<### #...#...###..†...#.
..##.##.# #.#####.....###.#.#
..##.##.# #...#...#######.#.#
.....##.# ###.#...# #..#.#


You could see a wyvern.

Vanquished Creatures
  A gnoll shaman (D:3)
  Jessica (D:2)
  Terence (D:2)
  11 gnolls
  6 adders
  3 worms
  A dart slug (D:1)
  An orc (D:3)
  5 ball pythons
  5 endoplasms
  5 giant cockroaches
  9 goblins
  6 hobgoblins
  5 kobolds
  3 quokkas
  2 bats
  4 frilled lizards
  7 rats
76 creatures vanquished.

Vanquished Creatures (others)
  2 fungi (D:3)
2 creatures vanquished.

Grand Total: 78 creatures vanquished

Notes
Turn   | Place    | Note
-------+----------+-------------------------------------------
     0 | D:1      | Infinimo the Gargoyle Berserker began the quest for the
                  | Orb.
     0 | D:1      | Reached XP level 1. HP: 14/14 MP: 1/1
   549 | D:1      | Reached XP level 2. HP: 19/19 MP: 2/2
   902 | D:1      | Reached XP level 3. HP: 23/23 MP: 3/3
  1719 | D:1      | Reached skill level 4 in Maces & Flails
  1719 | D:1      | Reached XP level 4. HP: 6/29 MP: 4/4
  2335 | D:2      | Reached ** piety under Trog
  2378 | D:2      | Found Niolad's Antique Weapon Shop.
  2564 | D:2      | Noticed Jessica
  2573 | D:2      | Killed Jessica
  2574 | D:2      | Reached XP level 5. HP: 33/33 MP: 5/5
  2634 | D:2      | Noticed Terence
  2643 | D:2      | Killed Terence
  2862 | D:3      | Found a basalt altar of Yredelemnul.
  3439 | D:3      | Found an iron altar of Okawaru.
  3475 | D:3      | Reached skill level 5 in Maces & Flails
  3481 | D:3      | Reached XP level 6. HP: 39/39 MP: 6/6
  3881 | D:3      | Found a faded altar of an unknown god.
  4006 | D:4      | Noticed a wyvern
  4015 | D:3      | Slain by a wyvern

Illustrated notes

Levels and vault maps discovered:
D:1:      minmay_arrival_split_and_join, layout_basic, minmay_hexomino_c4
D:2:      layout_rooms, serial_shops, nicolae_shop_waterfront,
          grunt_ministairs_2, kennysheep_boxes, uniq_jessica, uniq_terence
D:3:      layout_loops_corners, lemuel_tele_altar,
          mainiacjoe_overflow_boulevard, hellmonk_ecumenical_altar_zigzags
D:4:      layout_rooms, tgw_trog, kennysheep_mini_moat,
          minmay_temple_entry_wispy

Skill      XL: |  1  2  3  4  5  6 |
---------------+-------------------+-----
Maces & Flails | 4 5 |  5.3
Armour         | 3 4 |  4.1
Fighting       | 4 |  4.7
Dodging        | |  1.5

Action                   |  1- 3 |  4- 6 || total
-------------------------+-------+-------++-------
Melee: Mace              |   102 |   143 ||   245
       Punch             |     3 |       ||     3
Invok: Berserk           |     2 |     8 ||    10
  Use: Scroll            |       |     9 ||     9
       Potion            |       |     2 ||     2
Armor: Animal skin       |    32 |    17 ||    49
       Scale mail        |       |    55 ||    55
Dodge: Dodged            |    66 |    77 ||   143
